 Dungeon Crawl Stone Soup version 0.30.0-16-gbe6223bb7e (webtiles) character file.

Game seed: 9544620993111104091

10722 DemonSlayer the Thaumaturge (level 11, -4/112 HPs)
             Began as a Demonspawn Earth Elementalist on May 21, 2023.
             Was a Believer of Dithmenos.
             Slain by a wolf (6 damage)
             ... on level 1 of the Lair of Beasts.
             The game lasted 00:35:09 (13126 turns).

DemonSlayer the Thaumaturge (DsEE)                 Turns: 13126, Time: 00:35:11

Health: -4/112     AC: 25    Str:  8    XL:     11   Next: 39%
Magic:  15/24      EV:  2    Int: 17    God:    Dithmenos [**....]
Gold:   1050       SH:  0    Dex: 18    Spells: 12/29 levels left

rFire   . . .        M - +1 dagger (drain)
rCold   . . .        (no shield)
rNeg    . . .        F - melded +0 steam dragon scales
rPois   +            (helmet currently unavailable)
rElec   .            J - melded +2 cloak
rCorr   .            e - melded +1 pair of gloves
SInv    +            j - melded +0 pair of boots
Will    .....        A - amulet of regeneration
Stlth   +++++        I - ring of poison resistance
HPRegen 1.18/turn    H - ring of see invisible
MPRegen 0.19/turn

%: no passive effects
@: brilliant, tree-form, on berserk cooldown, hasted and slowed, wreathed by
umbra
A: stationary, stasis, torment immunity, boosted hp, demonic guardian 3,
(sanguine armour 2), demonic magic 2, (weakness stinger 2)
a: Renounce Religion, Shadow Step


You were on level 1 of the Lair of Beasts.
You worshipped Dithmenos.
Dithmenos was pleased with you.
You were a tree.
You visited 4 branches of the dungeon, and saw 14 of its levels.

You collected 1050 gold pieces.

Inventory:

Hand Weapons
 M - a +1 dagger of draining (weapon)
Armour
 e - a +1 pair of gloves (melded)
 g - a +2 ring mail of fire resistance
 j - a +0 pair of boots (melded)
 F - +0 steam dragon scales (melded)
 G - +0 ice dragon scales
 J - a +2 cloak (melded)
Jewellery
 A - an amulet of regeneration (around neck)
 H - a ring of see invisible (right branch)
 I - a ring of poison resistance (left branch)
Wands
 b - a wand of iceblast (8)
 k - a wand of paralysis (6)
 u - a wand of flame (13)
 E - a wand of polymorph (11)
 K - a wand of digging (2)
Scrolls
 c - a scroll of fear {unknown}
 d - 4 scrolls of fog
 h - 3 scrolls of immolation
 l - 4 scrolls of teleportation
 p - 2 scrolls of vulnerability {unknown}
 q - 4 scrolls of amnesia
 t - 3 scrolls of blinking
 w - 2 scrolls of silence {unknown}
 y - 3 scrolls of enchant armour
 B - 2 scrolls of noise
Potions
 f - a potion of ambrosia {unknown}
 i - 3 potions of might
 m - 4 potions of mutation
 n - a potion of berserk rage
 o - 5 potions of flight
 v - a potion of curing
 x - 2 potions of resistance
 z - 3 potions of lignification
 D - a potion of brilliance
 L - a potion of attraction {unknown}


   Skills:
 + Level 3.1 Fighting
 + Level 3.1 Short Blades
 + Level 0.2 Throwing
 + Level 4.2 Dodging
 + Level 9.1 Stealth
 + Level 9.7 Spellcasting
 + Level 2.0 Conjurations
 + Level 0.8 Transmutations
 + Level 9.4 Earth Magic
 + Level 0.2 Poison Magic
 + Level 0.2 Evocations


You had 12 spell levels left.
You knew the following spells:

 Your Spells              Type           Power      Damage    Failure   Level
a - Sandblast             Erth           100%       2d20      1%          1
b - Passwall              Tmut/Erth      31%        N/A       1%          2
c - Stone Arrow           Conj/Erth      82%        3d12      2%          3
d - Mephitic Cloud        Conj/Pois/Air  16%        N/A       19%         3
e - Petrify               Tmut/Erth      38%        N/A       11%         4
f - Olgreb's Toxic Radia  Pois           13%        N/A       63%         4

Your spell library contained the following spells:

 Spells                   Type           Power      Damage    Failure   Level
 Magic Dart               Conj           88%        1d7       3%          1
 Beastly Appendage        Tmut           32%        N/A       6%          1
 Sting                    Tmut/Pois      60%        1d6       7%          1
 Call Imp                 Summ           24%        N/A       13%         2
 Ensorcelled Hibernation  Hex/Ice        24%        N/A       13%         2
 Poisonous Vapours        Pois/Air       24%        N/A       13%         2
 Spider Form              Tmut/Pois      15%        N/A       22%         3
 Anguish                  Hex/Necr       6%         N/A       65%         4
 Animate Dead             Necr           12%        N/A       65%         4
 Passage of Golubria      Tloc           12%        N/A       65%         4
 Yara's Violent Unravell  Hex/Tmut       7%         3d5       90%         5
 Silence                  Hex/Air        6%         N/A       94%         5
 Lehudib's Crystal Spear  Conj/Erth      20%        10d6      100%        8


Dungeon Overview and Level Annotations

Branches:
Dungeon (10/15)            Temple (1/1) D:7            Lair (1/5) D:10
    Orc (2/2) D:9
    Elf: Orc:2

Altars:
Ashenzari
Cheibriados
Dithmenos
Fedhas
Gozag
Hepliaklqana
Kikubaaqudgha
Makhleb
Nemelex Xobeh
Okawaru
Qazlal
Ru
Sif Muna
Trog
Uskayaw
Vehumet
Wu Jian
Xom
Yredelemnul

Shops:
D:9 (

Annotations:
D:5 2 transporters, 2 runed translucent doors, minhee2137's ghost, amateur DgCj
D:9 3 runed translucent doors, exclusion: orange crystal statue


Innate Abilities, Weirdness & Mutations

You are a tree.
Your roots penetrate the ground, keeping you stationary.
You cannot be teleported.
You are immune to unholy pain and torment.
Your maximum health is greatly increased.
Your equipment is partially melded.
A powerful demonic guardian rushes to your aid.
((When seriously injured, your blood forms thick armour. (AC +0)))
Spells you cast may paralyse nearby enemies.
((You have a tail ending in a sharp stinger.))


Message History

Retreat in which direction?
Press: ? - help, Dir - move target, f - you, p - wolf
Okay, then.
Unknown command.
Unknown command.
As you read the scroll labelled EXENAR USUN, it crumbles to dust.
You hear a loud clanging noise!
It was a scroll of noise.
You hear a howl! x3; You hear an angry hiss.
You hear a howl!
The wolf bites you.
* * * LOW HITPOINT WARNING * * *
The wolf bites you but does no damage. x5; The cane toad stings you.
* * * LOW HITPOINT WARNING * * *
You are poisoned.
The cane toad poisons you!
The faun hits you from afar with a +0 spear!
* * * LOW HITPOINT WARNING * * *
The wolf completely misses you.
The wolf bites you but does no damage. x3
Unknown command.
Unknown command.
It was a potion of curing.
You feel better.
The wolf bites you but does no damage. x2
The cane toad stings you but does no damage.
The wolf bites you but does no damage. The wolf barely misses you.
The wolf bites you but does no damage. The wolf barely misses you.
The wolf bites you but does no damage. x2
The faun hits you from afar with a +0 spear.
* * * LOW HITPOINT WARNING * * *
Unknown command.
Unknown command.
Unknown command.
Unknown command.
It was a potion of brilliance.
You feel clever all of a sudden.
The wolf bites you but does no damage. x3; The wolf bites you.
* * * LOW HITPOINT WARNING * * *
The wolf bites you but does no damage. x2
The cane toad stings you but does no damage.
The wolf bites you but does no damage. The wolf bites you.
You die...

.. #......# ...
#......## ...##
#######.......#
....P######PP##........#
.♣.....................#
.......................#
.♣♣...††..hh......<....#
......†..hhhh..........#
......†..ch♣h..........#
.......####hF..##.#....#
..[.... #....####....#
....... #.....# ....#
....... #.....# ....#
...♣... #.....# ....#
...♣#.. ####.... ....


You could see a faun, a cane toad and 9 wolves.

Vanquished Creatures
  Pikel (D:8)
  Joseph (D:8)
  Maggie (D:6)
  2 shadows (D:10)
  7 yaks
  A wraith (D:10)
  4 steam dragons
  Grum (D:10)
  A basilisk (D:10)
  4 wyverns
  2 wargs (Orc:1)
  6 water moccasins
  9 orc warriors
  3 ice beasts
  A sky beast (D:7)
  13 wolves
  7 black bears
  2 ogres
  A phantom (D:6)
  6 centaurs
  3 kobold brigands
  2 bullfrogs
  A gnoll sergeant (D:10)
  A scorpion (D:5)
  2 wights (D:6)
  5 killer bees
  A howler monkey (D:3)
  A jelly (D:5)
  6 orc priests
  3 hounds
  2 iguanas
  A sleepcap (D:5)
  15 orc wizards
  10 adders
  3 gnolls (D:10)
  A shadow imp (D:7)
  A white imp (D:7)
  An ufetubus (D:5)
  3 worms
  5 dart slugs
  84 orcs
  10 ball pythons
  7 bats
  5 endoplasms
  2 giant cockroaches (D:3)
  6 goblins
  4 hobgoblins
  7 jackals
  16 kobolds
  5 quokkas
  2 frilled lizards
  4 rats
292 creatures vanquished.

Vanquished Creatures (collateral kills)
  2 orc warriors
  2 wolves (Lair:1)
  A wight (D:6)
  2 orcs
7 creatures vanquished.

Grand Total: 299 creatures vanquished

Notes
Turn   | Place    | Note
-------+----------+-------------------------------------------
     0 | D:1      | DemonSlayer the Demonspawn Earth Elementalist began the
                  | quest for the Orb.
     0 | D:1      | Reached XP level 1. HP: 13/13 MP: 3/3
   121 | D:1      | Gained mutation: Spells you cast may paralyse adjacent
                  | enemies. [demonic ancestry]
   121 | D:1      | Reached XP level 2. HP: 13/19 MP: 0/5
   681 | D:1      | Reached XP level 3. HP: 24/24 MP: 4/6
   837 | D:1      | You fall into a shaft and drop 1 floor!
   921 | D:1      | Learned a level 2 spell: Passwall
   925 | D:1      | Learned a level 3 spell: Stone Arrow
  1375 | D:2      | Gained mutation: Spells you cast may paralyse nearby
                  | enemies. [demonic ancestry]
  1375 | D:2      | Reached XP level 4. HP: 30/30 MP: 3/7
  2653 | D:3      | Gained mutation: When seriously injured, your blood forms
                  | armour. (AC +0) [demonic ancestry]
  2653 | D:3      | Reached XP level 5. HP: 36/36 MP: 5/9
  2866 | D:3      | Found an ancient bone altar of Kikubaaqudgha.
  2866 | D:3      | Found a shadowy altar of Dithmenos.
  2938 | D:3      | Learned a level 3 spell: Mephitic Cloud
  4021 | D:5      | Entered Level 5 of the Dungeon
  4021 | D:5      | Noticed an ogre
  4025 | D:5      | Killed an ogre
  4026 | D:5      | Gained mutation: A weak demonic guardian rushes to your
                  | aid. [demonic ancestry]
  4026 | D:5      | Reached XP level 6. HP: 11/42 MP: 5/10
  4140 | D:5      | Noticed a steam dragon
  4148 | D:5      | Killed a steam dragon
  4149 | D:5      | Reached skill level 1 in Fighting
  4181 | D:5      | Noticed an ice beast
  4236 | D:5      | Found a transporter.
  4260 | D:5      | Found a runed translucent door.
  4279 | D:5      | Found a runed translucent door.
  4311 | D:5      | Gained mutation: A demonic guardian rushes to your aid.
                  | [demonic ancestry]
  4311 | D:5      | Reached XP level 7. HP: 48/48 MP: 10/12
  4395 | D:5      | Reached skill level 1 in Short Blades
  4395 | D:5      | Reached skill level 5 in Earth Magic
  4632 | D:5      | Found a transporter.
  4653 | D:5      | Reached skill level 5 in Stealth
  4732 | D:5      | Noticed minhee2137's ghost (amateur DgCj)
  4753 | D:5      | Found a runed translucent door.
  5135 | D:5      | Noticed a vampire mosquito
  5136 | D:5      | Noticed a vampire mosquito
  5142 | D:5      | Learned a level 4 spell: Petrify
  5422 | D:5      | Reached skill level 5 in Spellcasting
  5422 | D:5      | Gained mutation: You have a small tail. [demonic ancestry]
  5422 | D:5      | Reached XP level 8. HP: 54/54 MP: 11/15
  5440 | D:5      | HP: 2/54 [orc warrior/+0 glaive (13)]
  6416 | D:6      | Gained mutation: A powerful demonic guardian rushes to your
                  | aid. [demonic ancestry]
  6416 | D:6      | Reached XP level 9. HP: 23/61 MP: 13/18
  6563 | D:6      | Noticed Maggie
  6569 | D:6      | Killed Maggie
  6817 | D:6      | Learned a level 4 spell: Olgreb's Toxic Radiance
  6848 | D:7      | Found a staircase to the Ecumenical Temple.
  6871 | Temple   | Entered the Ecumenical Temple
  7436 | D:8      | Reached skill level 1 in Conjurations
  8128 | D:8      | Found an iron altar of Okawaru.
  8144 | D:8      | Noticed Joseph
  8217 | D:8      | Killed Joseph
  8586 | D:7      | Noticed Pikel
  8591 | D:8      | Killed Pikel
  8592 | D:8      | Gained mutation: You have a tail ending in a sharp stinger.
                  | [demonic ancestry]
  8592 | D:8      | Reached XP level 10. HP: 67/67 MP: 13/21
  9012 | D:7      | Got Sif Muna's Precepts of Evil Spells and Moulding
  9668 | D:9      | Found Ycvauzic's Weapon Shop.
  9804 | D:9      | Found a runed translucent door.
  9816 | D:9      | Found a runed translucent door.
 10077 | D:9      | Found a snail-covered altar of Cheibriados.
 10365 | D:9      | Found a runed translucent door.
 10475 | D:9      | Found a runed translucent door.
 10521 | D:9      | Found a staircase to the Orcish Mines.
 10586 | D:9      | Noticed an orange crystal statue
 11315 | D:3      | Became a worshipper of Dithmenos the Shadowed
 11457 | Orc:1    | Entered Level 1 of the Orcish Mines
 11863 | Orc:2    | Entered Level 2 of the Orcish Mines
 11865 | Orc:2    | Noticed an orc high priest
 11979 | Orc:2    | Noticed a rust devil
 12002 | Orc:1    | Reached * piety under Dithmenos
 12074 | D:10     | Entered Level 10 of the Dungeon
 12074 | D:10     | Noticed Grum
 12084 | D:10     | Killed Grum
 12168 | D:10     | Gained mutation: When seriously injured, your blood forms
                  | thick armour. (AC +0) [demonic ancestry]
 12168 | D:10     | Reached XP level 11. HP: 69/74 MP: 22/24
 12318 | D:10     | Found a staircase to the Lair.
 13085 | Lair:1   | Entered Level 1 of the Lair of Beasts
 13109 | Lair:1   | Reached ** piety under Dithmenos
 13124 | Lair:1   | HP: 5/112 [faun/+0 spear (11)]
 13126 | Lair:1   | HP: 2/112 [wolf (5)]
 13126 | Lair:1   | Slain by a wolf

Illustrated notes

Levels and vault maps discovered:
D:1:      mrwooster_arrival_statue_2, layout_basic
D:2:      layout_basic, nrook_campfire, minmay_joined_circles
D:3:      layout_loops_corners, chequers_temple_overflow_statue_of_worship,
          elyvilon_altar_3
D:4:      layout_basic, cheibrodos_sewer_entry_bend, minmay_tree_intersection
D:5:      lemuel_insect_pit, layout_loops_ring, gammafunk_ghost_mausoleum,
          serial_bayou, serial_bayou_pond_a, serial_bayou_pond_b,
          serial_bayou_lagoon_a, serial_bayou_ford_a, lightli_church_of_beogh
D:6:      layout_cave_pools, mainiacjoe_overflow_catwalk, uniq_maggie
D:7:      layout_rooms, minmay_temple_entry_wispy,
          amcnicky_mini_corridor_feature, st_stairs_14,
          chequers_serial_rivers_large_b, serial_park_tiny_2,
          kennysheep_generic_room_13, uniq_pikel
D:8:      layout_basic, okawaru_metal_pillars_3, uniq_joseph
D:9:      layout_small_grid, mainiacjoe_overflow_six_doors_small,
          hiddenorc1_lemuel, serial_shops, shop, minmay_statue_crystal_thing
D:10:     layout_basic, minmay_lair_entry_grove, dreamdust_princess_bridge,
          uniq_grum
Temple:   eino_temple_rhombus
Lair:1:   layout_cellular_growth, special_room [special_room_bee],
          eino_small_chamber_without_monster, grunt_forest_large_clearings
Orc:1:    layout_caves, basic_altar
Orc:2:    grunt_orc_cross, layout_caves, basic_altar

Skill      XL: |  1  2  3  4  5  6  7  8  9 10 11 |
---------------+----------------------------------+-----
Earth Magic    | 3 4 5 6 8 9 |  9.4
Stealth        | 2 3 4 5 6 7 8 9 |  9.1
Spellcasting   | 3 5 6 7 9 |  9.7
Fighting       | 1 2 3 |  3.1
Short Blades   | 1 2 3 |  3.1
Dodging        | 2 3 4 |  4.2
Conjurations   | 1 2 |  2.0
Throwing       | |  0.2
Transmutations | |  0.8
Poison Magic   | |  0.2
Evocations     | |  0.2

Action                     |  1- 3 |  4- 6 |  7- 9 | 10-12 || total
---------------------------+-------+-------+-------+-------++-------
  Melee: Dagger            |    20 |    30 |    51 |    86 ||   187
         Punch             |       |       |     1 |     1 ||     2
         Tailslap          |       |       |     2 |     3 ||     5
  Throw: Dart              |       |       |     5 |       ||     5
   Cast: Sandblast         |    45 |    50 |   129 |   112 ||   336
         Stone Arrow       |       |       |    16 |    42 ||    58
         Mephitic Cloud    |       |       |     1 |     1 ||     2
  Evoke: Wand              |       |     2 |       |       ||     2
    Use: Potion            |     1 |       |     1 |     8 ||    10
         Scroll            |     1 |     5 |     4 |     5 ||    15
   Stab: Sleeping          |     5 |    12 |     3 |    14 ||    34
         Paralysed         |     2 |    13 |    33 |    48 ||    96
         Confused          |       |       |     1 |       ||     1
 Armour: Robe              |    10 |     7 |    29 |       ||    46
         Steam dragon scal |       |       |     8 |    72 ||    80
         Skin              |       |       |       |    77 ||    77
  Dodge: Dodged            |    22 |    13 |    87 |   183 ||   305
